Map: Cerulean Fall LE

Players

LiquidMaNa (MaNa) - Winner!

  • Race: Protoss Protoss
  • League: Master
  • Spawn Location: 1:00

Clem

  • Race: Terran Terran
  • League: Master
  • Spawn Location: 7:00

Event: HomeStory Cup XVIII

VOD

Have the link to the VOD?

Description

Time

  • Played on: Nov. 23, 2018, 12:59 p.m.
  • Length: 6:36

All games in this series

Show
View Real Time Build Order
Export as new Build Order

LiquidMaNa Protoss - Winner!

Build Orders: Oracle Opening 

Get SALT Encoding   

  12  0:00  Probe  
  13  0:13  Probe  
  14  0:18  Pylon  
  14  0:24  Probe  
  15  0:32  Probe  
  15  0:37  Gateway  
  15  0:40  Probe  
  16  0:45  Assimilator  
  17  0:50  Probe  
  17  0:54  Assimilator  
  18  0:58  Probe  
  19  1:06  Probe  
  20  1:17  Probe  
  20  1:21  Pylon  
  20  1:24  Cybernetics Core  
  21  1:29  Probe  
  22  1:42  Probe  
  23  1:52  Adept  
  23  1:53  Nexus  
  25  2:09  Stargate  
  25  2:11  Probe  
  26  2:18  Warp Gate  
  26  2:22  Adept  
  28  2:29  Pylon  
  28  2:32  Probe  
  28  2:44  Probe  
  28  2:49  Oracle, Adept  
  30  2:56  Probe  
  34  3:08  Probe  
  34  3:10  Probe  
  35  3:21  Oracle  
  35  3:22  Adept, Probe  
  41  3:29  Probe  
  43  3:34  Probe  
  43  3:39  Gateway  
  43  3:47  Gateway  
  43  4:08  Probe  
  43  4:09  Probe  
  45  4:18  Pylon  
  45  4:20  Probe  
  45  4:21  Probe  
  45  4:29  Pylon  
  45  4:32  Probe  
  45  4:33  Probe  
  45  4:35  Stalker x2  
  47  4:44  Probe, Stalker  
  47  4:45  Probe  
  47  4:54  Twilight Council  
  47  4:56  Probe  
  47  4:57  Probe  
  47  4:58  Stalker x2  
  48  5:08  Probe  
  48  5:09  Probe  
  50  5:16  Stalker  
  52  5:22  Stalker x2  
  52  5:24  Probe  
  57  5:28  Nexus  
  55  5:39  Probe x2  
  58  5:42  Oracle  
  58  5:44  Adept  
  58  5:45  Adept  
  58  5:46  Adept  
  64  5:51  Probe  
  63  6:09  Stalker x3  
  63  6:10  Probe x2  
  63  6:18  Assimilator  
  63  6:20  Assimilator  
  63  6:22  Probe x2  
Show
View Real Time Build Order
Export as new Build Order

Clem Terran 

Build Orders: Gas First Reaper Expand, Reaper Expand 

Get SALT Encoding   

  12  0:01  SCV  
  13  0:14  SCV  
  14  0:17  Supply Depot  
  14  0:26  SCV  
  15  0:32  Refinery  
  15  0:39  SCV  
  16  0:44  Barracks  
  16  0:51  SCV  
  17  1:03  SCV  
  18  1:15  SCV  
  19  1:31  Reaper, Orbital Command  
  20  1:44  Command Center  
  20  1:57  SCV  
  21  2:04  Factory  
  21  2:07  Supply Depot  
  21  2:09  Barracks Reactor  
  21  2:11  SCV  
  22  2:15  Refinery  
  22  2:23  SCV  
  23  2:35  SCV  
  24  2:48  SCV  
  24  2:50  Marine x2, Hellion  
  24  2:51  Starport  
  29  2:59  Orbital Command  
  28  3:06  SCV  
  28  3:08  Marine x2  
  31  3:15  Armory  
  31  3:18  SCV  
  33  3:20  Widow Mine  
  33  3:25  SCV  
  34  3:30  Marine, SCV  
  34  3:32  Marine  
  37  3:38  Viking  
  39  3:44  SCV x2  
  39  3:47  Supply Depot  
  41  3:53  Factory Tech Lab  
  38  3:56  SCV x2  
  38  3:58  Marine  
  38  3:59  Marine  
  39  4:08  SCV x2  
  39  4:15  Drilling Claws  
  39  4:16  Widow Mine  
  36  4:18  Marine  
  36  4:19  Marine  
  36  4:20  SCV x2  
  36  4:32  SCV x2  
  36  4:36  Marine  
  36  4:37  Marine  
  38  4:39  Widow Mine  
  40  4:46  SCV  
  40  4:49  SCV  
  40  4:54  Engineering Bay, Marine  
  40  4:55  Marine  
  42  5:00  Widow Mine  
  42  5:01  SCV  
  42  5:03  SCV  
  45  5:12  Marine  
  43  5:15  Marine, Medivac  
  43  5:20  SCV  
  44  5:21  Siege Tank, SCV  
  45  5:29  Marine  
  45  5:33  Marine  
  46  5:36  SCV  
  46  5:40  SCV  
  43  5:47  Marine  
  43  5:48  SCV  
  44  5:51  Marine  
  44  5:53  SCV  
  43  6:00  Siege Tank, SCV  
  44  6:05  Marine, SCV  
  44  6:09  Marine  
  44  6:10  Orbital Command  
  38  6:13  SCV  
  38  6:17  SCV  
Tags
 
Add a new tag
Caveats
  • Supply blocks, unpowered buildings, or Contaminate may cause inaccurate times.
  • Supply counts are checked every 10 seconds.